 Dungeon Crawl Stone Soup version 0.28.0-49-g6dfe1f597d (webtiles) character file.

Game seed: 11463281482975493784

19 Zeld the Stinger (level 2, -4/25 HPs)
             Began as a Naga Venom Mage on May 15, 2022.
             Slain by an adder (5 damage)
             ... on level 2 of the Dungeon.
             The game lasted 00:01:02 (1387 turns).

Zeld the Stinger (Naga Venom Mage)                  Turns: 1387, Time: 00:01:02

Health: -4/25      AC:  1    Str: 10    XL:     2   Next: 75%
Magic:  1/5        EV: 10    Int: 15    God:
Gold:   36         SH:  0    Dex: 11    Spells: 2/5 levels left

rFire   . . .      SeeInvis +   (no weapon)
rCold   . . .      Faith    .   (no shield)
rNeg    . . .      Spirit   .   a - +0 robe
rPois   +          Reflect  .   (no helmet)
rElec   .          Harm     .   (no cloak)
rCorr   .          Rampage  .   (no gloves)
Will    .....                   (no barding)
Stlth   ++........              (no amulet)
HPRegen 0.08/turn               (no ring)
MPRegen 0.09/turn               (no ring)

@: short of breath, very slow
A: AC +0, large, see invisible, deformed body, poison resistance, slowness 2,
spit poison 1, naga tail 1
a: Spit Poison


You were on level 2 of the Dungeon.
You visited 1 branch of the dungeon, and saw 2 of its levels.

You collected 36 gold pieces.

Inventory:

Armour
 a - a +0 robe (worn)
Scrolls
 b - a scroll of vulnerability {unknown}
Potions
 c - a potion of curing {unknown}
 d - a potion of ambrosia {unknown}


   Skills:
 * Level 1.0 Fighting
 + Level 0.3 Armour
 + Level 1.7 Dodging
 + Level 3.2 Stealth
 * Level 2.2 Spellcasting
 - Level 1.0 Transmutations
 * Level 4.2 Poison Magic


You had 2 spell levels left.
You knew the following spells:

 Your Spells              Type           Power      Damage    Failure   Level
a - Sting                 Tmut/Pois      36%        1d4       8%          1
b - Poisonous Vapours     Pois/Air       16%        N/A       14%         2

Your spell library contained the following spells:

 Spells                   Type           Power      Damage    Failure   Level
 Mephitic Cloud           Conj/Pois/Air  5%         N/A       36%         3
 Olgreb's Toxic Radiance  Pois           14%        N/A       36%         4


Dungeon Overview and Level Annotations

Branches:
Dungeon (2/15)

Altars:


Innate Abilities, Weirdness & Mutations

Your serpentine skin is tough. (AC +0)
You have supernaturally acute eyesight. (SInv)
Armour fits poorly on your strangely shaped body.
Your system is resistant to poisons. (rPois)
You cover ground very slowly.
You can spit poison.
You have a snake-like lower body.


Message History

You don't have enough magic to cast this spell.
Unknown command.
The ball python bites you. The ball python barely misses you.
The goblin barely misses you. The adder bites you. The adder bites you.
Okay, then.
Aiming: Spit Poison (2% risk of failure)
Press: ? - help, Shift-Dir - straight line, p - goblin The splash of poison hits the adder!
The adder is poisoned.
The adder is heavily wounded.
The adder barely misses you. The ball python closely misses you.
Unknown command.
Unknown command.
Casting: Sting (safe; 8% risk of failure)
Confirm with . or Enter, or press ? or * to list all spells.
Aiming: Sting (safe; 8% risk of failure)
Press: ? - help, Shift-Dir - straight line, f - ball python
Aim: a ball python (64% to hit)
The sting hits the ball python.
The ball python is poisoned.
You kill the ball python!
The adder barely misses you. The adder bites you.
Your Fighting skill increases to level 1!
You miss the goblin.
You have got your breath back.
The goblin hits you with a +1 dagger of venom.
The adder bites you.
* * * LOW HITPOINT WARNING * * *
Unknown command.
The adder bites you.
* * * LOW HITPOINT WARNING * * *
The adder barely misses you.
The goblin hits you with a +1 dagger of venom.
* * * LOW HITPOINT WARNING * * *
Aiming: Spit Poison (2% risk of failure)
Press: ? - help, Shift-Dir - straight line, f - goblin
Aim: a goblin, wielding a +1 dagger of venom (50% to hit)
The splash of poison misses the goblin.
The adder bites you.
You die...

#...$..##+##
##.#.#.# #
#.#.#.##.#
#.#......#
#.....####
###.###
#†#######
#gS.....#
#@#####.# ###
#.# #.#
#######.#
#.......#
########.###.#
#<.......# ###
########.# #.#


You could see an adder (poisoned) and a goblin.

Vanquished Creatures
  4 endoplasms (D:1)
  A goblin (D:1)
  2 hobgoblins (D:1)
  4 ball pythons
  5 bats
  A kobold (D:1)
  2 rats (D:1)
19 creatures vanquished.

Notes
Turn   | Place    | Note
-------+----------+-------------------------------------------
     0 | D:1      | Zeld the Naga Venom Mage began the quest for the Orb.
     0 | D:1      | Reached XP level 1. HP: 15/15 MP: 3/3
   103 | D:1      | Found a faded altar of an unknown god.
   388 | D:1      | Reached XP level 2. HP: 18/24 MP: 3/5
   483 | D:1      | Learned a level 2 spell: Poisonous Vapours
  1385 | D:2      | Reached skill level 1 in Fighting
  1386 | D:2      | HP: 1/25 [goblin/+1 dagger of venom (1)]
  1387 | D:2      | Slain by an adder

Illustrated notes

Levels and vault maps discovered:
D:1:      scummos_arrival_gate, layout_loops_ring, basic_ecumenical_altar
D:2:      layout_basic, basic_altar, minmay_crystal_room

Skill      XL: |  1  2 |
---------------+-------+-----
Fighting       | 1 |  1.0
Armour         | |  0.3
Dodging        | |  1.7
Stealth        | |  3.2
Spellcasting   | |  2.2
Transmutations | |  1.0
Poison Magic   | |  4.2

Action                   || total
-------------------------++-------
Melee: Unarmed           ||    14
 Cast: Sting             ||    33
 Abil: Spit Poison       ||     3
Armor: Robe              ||     3
Dodge: Dodged            ||    22
